 Dungeon Crawl Stone Soup version 0.25-b1-46-gb8a1ec05df (webtiles) character file.

Game seed: 8768502881955484971

334 EcosseEcosse the Chopper (level 6, 0/85 HPs)
             Began as a Draconian Berserker on June 11, 2020.
             Was a Priest of Trog.
             Succumbed to a water moccasin's poison
             ... on level 6 of the Dungeon.
             The game lasted 00:11:21 (4112 turns).

EcosseEcosse the Chopper (Draconian Berserker)      Turns: 4112, Time: 00:11:22

Health: 0/85       AC: 23    Str: 20    XL:     6   Next: 27%
Magic:  6/6        EV:  2    Int:  8    God:    Trog [***...]
Gold:   217        SH:  0    Dex: 11    Spells: 5/5 levels left

rFire    x . .     SeeInvis .   a - +0 hand axe
rCold    + . .     Gourm    .   (no shield)
rNeg     + + +     Faith    .   (armour unavailable)
rPois    +         Spirit   .   (helmet currently unavailable)
rElec    .         Reflect  .   (cloak currently unavailable)
rCorr    .         Harm     .   (gloves currently unavailable)
MR       .....     Rnd*Rage +   (boots currently unavailable) Stlth +.........NoTele +
                                (no amulet)
HPRegen  0.24/turn              f - ring of ice
MPRegen  0.10/turn              (no ring)

@: mighty, lethally poisoned (0 -> -2), tree-form, stab
A: unfitting armour, berserk 1, robust 1, AC +6
a: Berserk, Trog's Hand, Renounce Religion


You were on level 6 of the Dungeon.
You worshipped Trog.
Trog was most pleased with you.
You were hungry.
You were a tree.
You visited 1 branch of the dungeon, and saw 6 of its levels.

You collected 217 gold pieces.

Inventory:

Hand Weapons
 a - a +0 hand axe (weapon)
Armour
 q - +0 ice dragon scales
Jewellery
 d - an uncursed amulet of magic regeneration {unknown}
 f - a ring of ice (left branch)
 w - an uncursed ring of wizardry {unknown}
Wands
 x - a wand of iceblast (11)
Scrolls
 c - a scroll of blinking {unknown}
 e - a scroll of remove curse {unknown}
 g - 3 scrolls of identify
 i - a scroll of fear {unknown}
 l - a scroll of immolation {unknown}
 m - a scroll of fog {unknown}
 p - a scroll of teleportation {unknown}
 s - a scroll of magic mapping {unknown}
 t - a scroll of enchant armour {unknown}
Potions
 n - a potion of haste {unknown}
 o - a potion of mutation
 v - a potion of lignification
Comestibles
 b - 9 rations


   Skills:
 + Level 4.2 Fighting
 + Level 5.2 Axes
 + Level 4.4 Dodging
 + Level 0.8 Stealth


You had 5 spell levels left.
You didn't know any spells.
Your spell library was empty.

Dungeon Overview and Level Annotations

Branches:
Dungeon (6/15)
 Temple: D:4-7

Altars:
Ashenzari
Cheibriados
Gozag
Makhleb
Sif Muna
Uskayaw


Innate Abilities, Weirdness & Mutations

((Your plain brown scales are hard. (AC +6)))
You cannot fit into any form of body armour.
((You are cold-blooded and may be slowed by cold attacks.))
((Your large and strong wings let you fly indefinitely.))
You tend to lose your temper in combat.
((Your system is resistant to poisons. (rPois)))
You are robust. (+10% HP)


Message History

There is a shaft here.
You fall into a shaft and drop 1 floor!
The shaft crumbles and collapses.
* * * LOW HITPOINT WARNING * * *
You feel sick.
It was a potion of lignification.
You turn into a tree.
Your roots penetrate the ground.
It was a potion of mutation.
You feel extremely strange.
You feel resistant to poisons.
You feel a little pissed off.
You feel robust.
Your wings grow larger and stronger.
* * * LOW HITPOINT WARNING * * *
You feel sick.
It was a potion of stabbing.
You feel ready to backstab.
* * * LOW HITPOINT WARNING * * *
You feel sick.
It was a potion of might.
You feel very mighty all of a sudden.
It was a potion of flight.
Your roots keep you in place.
You die...

##.#.#.#### ##.#
#.......## #...#
##.#.#...## ....#
##....>..# ###.....
#.......####......
###.......#....#
########...........#
...................#####
....<###.#.#....♣........
.....###...#.......####..
####.......#.......#
#.......#.........
#^.......####.#..##
#...!............#
#...###.....###..#
#...#####_#####...
#...###.....##


There were no monsters in sight!

Vanquished Creatures
  A phantom (D:5)
  2 hounds
  Natasha (D:3)
  6 adders
  An ooze (D:4)
  An adder skeleton (D:5)
  3 worms
  2 dart slugs
  6 leopard geckos
  4 orcs
  7 giant cockroaches
  6 goblins
  5 hobgoblins
  4 jackals
  4 quokkas
  6 bats
  8 frilled lizards
  7 kobolds
  2 quokka skeletons
  8 rats
84 creatures vanquished.

Notes
Turn   | Place    | Note
-------+----------+-------------------------------------------
     0 | D:1      | EcosseEcosse the Draconian Berserker began the quest for
                  | the Orb.
     0 | D:1      | Reached XP level 1. HP: 19/19 MP: 1/1
   163 | D:1      | Reached XP level 2. HP: 21/26 MP: 2/2
   867 | D:2      | Reached XP level 3. HP: 26/31 MP: 3/3
   870 | D:2      | Reached ** piety under Trog
   974 | D:2      | Found an opulent altar of Gozag.
  1132 | D:2      | Found a shimmering blue altar of Sif Muna.
  1134 | D:2      | Found a hide-covered altar of Uskayaw.
  1335 | D:2      | Found a snail-covered altar of Cheibriados.
  1795 | D:3      | Reached XP level 4. HP: 35/40 MP: 4/4
  1815 | D:3      | Reached skill level 4 in Axes
  2514 | D:3      | Noticed Natasha
  2531 | D:3      | Killed Natasha
  2531 | D:3      | Reached XP level 5. HP: 26/46 MP: 5/5
  2765 | D:4      | Reached *** piety under Trog
  2934 | D:4      | Found a burning altar of Makhleb.
  3142 | D:5      | Entered Level 5 of the Dungeon
  3473 | D:5      | Noticed a phantom
  3561 | D:5      | Killed a phantom
  3561 | D:5      | Reached skill level 5 in Axes
  3561 | D:5      | Reached XP level 6. HP: 38/52 MP: 6/6
  4035 | D:6      | Found a shattered altar of Ashenzari.
  4037 | D:6      | Noticed a water moccasin
  4107 | D:5      | You fall into a shaft and drop 1 floor!
  4107 | D:6      | HP: 1/52 [poisoned by a water moccasin]
  4109 | D:6      | Gained mutation: Your system is resistant to poisons.
                  | (rPois) [potion of mutation]
  4109 | D:6      | Gained mutation: You tend to lose your temper in combat.
                  | [potion of mutation]
  4109 | D:6      | Gained mutation: You are robust. (+10% HP) [potion of
                  | mutation]
  4109 | D:6      | Gained mutation: Your large and strong wings let you fly
                  | indefinitely. [potion of mutation]
  4112 | D:6      | Succumbed to a water moccasin's poison

Illustrated notes

Levels and vault maps discovered:
D:1:      wander_arrival_desolate, layout_loops_corners
D:2:      layout_rooms, lemuel_coloured_pillars_altar,
          chequers_temple_overflow_statue_of_worship, lemuel_altar_in_water
D:3:      cheibrodos_helix_gallery, layout_basic, kennysheep_generic_room_16,
          uniq_natasha
D:4:      layout_rooms, bloody_makhleb, minmay_misc_feat_cross
D:5:      layout_loops_ring, first_ration
D:6:      layout_rooms, overflow_temple_1_default, cheibrodos_ashenzari_chains,
          small_statue_intersection, st_stairs_13, minivault_27,
          nrook_loot_triangle, xom_teletrap_fun

Skill      XL: |  1  2  3  4  5 |
---------------+----------------+-----
Dodging        | 3 4 |  4.4
Axes           | 4 5 |  5.2
Fighting       | 4 |  4.2
Stealth        | |  0.8

Action                   |  1- 3 |  4- 6 || total
-------------------------+-------+-------++-------
Melee: Hand axe          |   130 |   205 ||   335
       Tailslap          |    11 |    17 ||    28
  Use: Potion            |     1 |    11 ||    12
       Scroll            |     1 |     3 ||     4
 Stab: Sleeping          |     1 |       ||     1
  Eat: Chunk             |     3 |     7 ||    10
Armor: Skin              |   104 |    76 ||   180
Dodge: Dodged            |   203 |   185 ||   388
